Map: Acid Plant LE

Players

SpaceMarine - Winner!

  • Race: Protoss Protoss
  • Spawn Location: 11:00

Retjah (Ret)

  • Race: Zerg Zerg
  • Spawn Location: 5:00

Event: WCS Valencia 2018

VOD

Have the link to the VOD?

Description

Time

  • Played on: July 12, 2018, 7:35 a.m.
  • Length: 17:57

All games in this series

Show
View Real Time Build Order
Export as new Build Order

SpaceMarine Protoss - Winner!

Build Orders: 1 Gate Expand, Oracle Opening, Mass Phoenix 

Get SALT Encoding   

  12  0:00  Probe  
  13  0:12  Probe  
  14  0:20  Pylon  
  14  0:24  Probe  
  15  0:37  Probe  
  15  0:38  Gateway  
  16  0:44  Assimilator  
  16  0:45  Probe  
  17  0:53  Probe  
  18  1:04  Probe  
  19  1:21  Nexus  
  19  1:28  Probe  
  20  1:34  Cybernetics Core  
  20  1:40  Probe  
  20  1:46  Assimilator  
  21  1:53  Probe, Pylon  
  22  2:02  Probe  
  22  2:07  Adept  
  23  2:10  Probe, Warp Gate  
  26  2:19  Probe  
  27  2:28  Stalker  
  27  2:29  Probe  
  27  2:31  Probe  
  27  2:36  Twilight Council  
  31  2:37  Probe  
  31  2:43  Probe  
  33  2:48  Probe  
  34  2:55  Probe  
  34  2:58  Gateway  
  35  3:01  Probe  
  36  3:07  Probe  
  37  3:15  Resonating Glaives  
  37  3:16  Probe  
  37  3:19  Probe  
  39  3:22  Stargate  
  39  3:25  Assimilator  
  37  3:28  Probe, Gateway  
  37  3:31  Probe  
  39  3:35  Pylon  
  39  3:39  Assimilator  
  39  3:40  Probe  
  40  3:44  Probe  
  41  3:48  Stargate  
  41  3:52  Probe  
  42  3:56  Probe, Pylon  
  42  3:57  Oracle  
  43  4:04  Probe  
  43  4:08  Probe  
  48  4:12  Adept  
  48  4:13  Adept  
  48  4:16  Probe  
  53  4:19  Pylon  
  53  4:20  Probe  
  54  4:24  Adept  
  56  4:33  Adept x2  
  56  4:34  Phoenix  
  62  4:43  Phoenix  
  64  4:47  Protoss Air Weapons Level 1  
  64  4:50  Pylon  
  64  4:58  Phoenix  
  64  5:05  Phoenix  
  66  5:08  Adept x3  
  74  5:16  Phoenix  
  74  5:24  Pylon  
  74  5:26  Pylon  
  76  5:36  Phoenix  
  76  5:38  Phoenix  
  78  5:48  Adept x2  
  82  5:52  Probe x2, Phoenix  
  82  5:53  Gateway x2  
  84  5:59  Pylon  
  84  6:03  Adept  
  87  6:05  Pylon  
  87  6:06  Phoenix  
  87  6:17  Phoenix  
  87  6:27  Adept x2  
  87  6:29  Phoenix  
  93  6:37  Phoenix  
  93  6:46  Phoenix  
  81  6:54  Adept x3  
  89  7:04  Phoenix  
  89  7:12  Sentry  
  89  7:14  Adept  
  83  7:18  Forge  
  83  7:22  Adept x3  
  89  7:35  Phoenix  
  91  7:44  Phoenix  
  93  7:50  Adept x5  
  103  8:01  Phoenix  
  103  8:09  Phoenix  
  106  8:22  Adept  
  106  8:23  Adept, Nexus  
  106  8:25  Pylon  
  110  8:28  Pylon  
  110  8:33  Phoenix  
  96  8:46  Phoenix  
  92  8:49  Adept  
  92  8:50  Adept x4  
  92  8:54  Probe  
  92  8:55  Probe  
  100  9:01  Phoenix  
  102  9:10  Phoenix  
  102  9:11  Adept x4  
  102  9:13  Probe  
  102  9:14  Probe  
  114  9:19  Adept  
  116  9:25  Probe  
  116  9:30  Gateway  
  117  9:31  Gateway  
  117  9:33  Probe  
  117  9:36  Phoenix  
  117  9:37  Phoenix  
  118  9:47  Probe  
  118  9:50  Probe x2  
  118  9:52  Adept x2  
  123  9:56  Adept x2  
  129  10:05  Phoenix  
  131  10:08  Phoenix  
  133  10:20  Adept x4  
  141  10:24  Pylon  
  141  10:25  Pylon  
  141  10:27  Assimilator  
  141  10:29  Assimilator  
  141  10:41  Phoenix  
  99  11:07  Adept x3  
  99  11:08  Adept x2  
  101  11:19  Adept x2  
  105  11:25  Phoenix  
  105  11:26  Phoenix  
  105  11:31  Adept x3  
  105  11:32  Adept x2  
  119  11:42  Phoenix x2  
  119  11:44  Adept x2  
  119  11:46  Nexus  
  123  11:49  Pylon  
  127  11:59  Adept x4  
  129  12:05  Adept x2  
  129  12:06  Phoenix  
  135  12:16  Adept  
  137  12:23  Phoenix  
  137  12:27  Adept  
  137  12:28  Adept x2  
  145  12:31  Phoenix  
  139  12:48  Phoenix  
  137  12:56  Adept x6, Phoenix  
  137  12:57  Adept  
  131  13:05  Probe  
  131  13:06  Probe x2  
  134  13:14  Phoenix  
  134  13:17  Adept  
  138  13:21  Adept x3  
  138  13:23  Adept  
  132  13:48  Probe x3  
  96  13:58  Probe x2  
  96  13:59  Probe  
  96  14:00  Probe  
  96  14:02  Adept x6  
  108  14:06  Probe  
  108  14:09  Probe  
  110  14:12  Probe  
  113  14:22  Probe  
  113  14:23  Adept  
  113  14:24  Adept x4  
  119  14:25  Probe x2  
  123  14:33  Probe x2  
  123  14:34  Probe  
  123  14:38  Adept x2  
  127  14:40  Probe  
  127  14:41  Probe, Protoss Ground Weapons Level 1  
  130  14:45  Probe  
  130  14:49  Probe  
  130  14:53  Probe  
  132  15:01  Templar Archives  
  132  15:02  Adept  
  132  15:03  Adept  
  136  15:25  Psionic Storm  
  136  15:32  Probe x4  
  136  15:35  Photon Cannon  
  140  15:36  Gateway  
  140  15:39  Pylon  
  140  15:49  High Templar x2  
  144  15:50  Assimilator, High Templar x4  
  144  15:51  High Templar  
  144  15:54  Assimilator  
  144  15:55  Gateway  
  154  15:57  Archon x3, Gateway  
  154  15:59  Gateway  
  154  16:16  Robotics Facility  
  154  16:24  High Templar x5  
  164  16:38  High Templar x3  
  170  16:41  Nexus  
  170  16:42  Archon x2  
  170  16:43  Pylon  
  170  16:45  Pylon  
  170  17:07  Adept  
  170  17:08  Adept x2  
  168  17:11  Adept x4  
  168  17:13  Adept  
  168  17:14  Adept x2  
  180  17:15  Adept  
  182  17:27  Archon  
  182  17:35  Zealot x2  
  182  17:36  Zealot x6  
Show
View Real Time Build Order
Export as new Build Order

Retjah Zerg 

Build Orders: Hatch First 

Get SALT Encoding   

  12  0:00  Drone  
  13  0:12  Overlord  
  13  0:16  Drone  
  14  0:30  Drone x2  
  16  0:48  Hatchery  
  15  0:51  Drone  
  15  0:55  Drone  
  17  0:58  Drone  
  18  1:08  Extractor  
  17  1:13  Spawning Pool  
  17  1:16  Drone  
  17  1:19  Drone  
  18  1:27  Drone  
  19  1:38  Drone  
  20  1:49  Drone  
  21  2:00  Zergling x2, Queen  
  21  2:01  Queen  
  24  2:02  Overlord  
  26  2:11  Metabolic Boost  
  26  2:12  Drone x2  
  28  2:23  Drone x2  
  30  2:31  Drone  
  30  2:32  Drone  
  32  2:38  Hatchery  
  31  2:45  Queen  
  31  2:48  Drone  
  31  2:50  Zergling x2  
  35  2:54  Overlord  
  35  3:00  Drone, Evolution Chamber  
  35  3:06  Drone  
  35  3:12  Spore Crawler, Drone x3  
  38  3:16  Drone  
  38  3:18  Drone x2  
  39  3:21  Drone  
  39  3:25  Zerg Melee Weapons Level 1  
  41  3:28  Overlord  
  41  3:33  Drone x2  
  43  3:43  Overlord  
  43  3:46  Queen  
  45  3:50  Queen  
  45  3:51  Drone x3  
  45  3:52  Drone  
  51  3:56  Overlord  
  51  3:59  Drone x2  
  51  4:01  Drone  
  51  4:02  Drone  
  55  4:05  Drone x2  
  57  4:11  Drone  
  57  4:12  Drone x2  
  57  4:15  Drone  
  61  4:24  Queen  
  61  4:26  Queen  
  61  4:28  Spore Crawler, Drone  
  61  4:30  Spore Crawler  
  64  4:32  Spore Crawler  
  64  4:35  Zergling x12  
  69  4:39  Zergling x4  
  71  4:48  Drone  
  71  4:49  Drone  
  73  4:53  Lair  
  73  4:57  Zergling x2  
  73  4:58  Zergling x2  
  74  5:00  Overlord  
  74  5:03  Overlord  
  74  5:04  Extractor  
  74  5:05  Extractor  
  74  5:06  Zergling x10  
  74  5:10  Zergling x6  
  74  5:14  Baneling Nest  
  74  5:19  Zergling x6  
  76  5:24  Drone x4  
  80  5:34  Extractor, Drone x3  
  81  5:36  Overlord  
  81  5:38  Zergling x4  
  75  5:45  Zergling x6  
  78  5:50  Extractor  
  78  5:53  Spore Crawler  
  78  5:54  Spore Crawler  
  78  5:55  Hydralisk Den  
  78  5:56  Zergling x14  
  78  5:57  Zergling x2  
  82  6:01  Spore Crawler  
  81  6:05  Baneling x6, Spore Crawler  
  81  6:06  Baneling x2  
  81  6:09  Zergling x10  
  84  6:12  Overlord  
  80  6:26  Overlord  
  80  6:27  Drone  
  80  6:28  Overlord  
  80  6:30  Overlord  
  80  6:31  Drone x3  
  84  6:41  Drone x5  
  84  6:45  Grooved Spines  
  84  6:49  Drone x6  
  84  6:53  Spore Crawler  
  82  6:58  Spore Crawler, Drone x5  
  82  7:00  Overlord  
  85  7:12  Overlord  
  79  7:17  Overlord  
  79  7:21  Overlord  
  79  7:22  Extractor  
  78  7:25  Spore Crawler  
  78  7:26  Drone x3  
  78  7:27  Spore Crawler  
  79  7:30  Drone x8  
  79  7:42  Drone x3, Zerg Melee Weapons Level 2  
  79  7:43  Hydralisk x2  
  79  7:50  Hydralisk x4  
  85  7:55  Hydralisk x2  
  85  7:57  Baneling x7  
  89  8:00  Drone x2  
  89  8:01  Drone  
  89  8:05  Hydralisk  
  92  8:08  Hydralisk x2  
  92  8:11  Hydralisk  
  100  8:16  Hydralisk x2  
  100  8:18  Zergling x2  
  105  8:21  Zergling x4  
  107  8:27  Hydralisk x3  
  113  8:38  Hydralisk x2  
  100  8:42  Hydralisk x4  
  100  8:47  Hydralisk  
  98  8:49  Zergling x4  
  98  8:52  Drone x2  
  98  8:53  Drone  
  98  8:54  Drone  
  103  8:58  Drone  
  103  8:59  Drone  
  103  9:01  Muscular Augments  
  105  9:07  Overlord x2  
  105  9:11  Overlord  
  105  9:13  Hydralisk  
  106  9:22  Overlord x3  
  106  9:23  Overlord  
  106  9:24  Baneling x5  
  106  9:27  Centrifical Hooks  
  106  9:30  Drone  
  107  9:32  Hydralisk  
  107  9:38  Hydralisk x2  
  107  9:43  Drone x2  
  105  9:46  Drone x2  
  105  9:51  Hydralisk x2  
  111  9:54  Hydralisk  
  111  9:58  Zerg Missile Weapons Level 1, Hydralisk x2  
  117  10:04  Hydralisk x2  
  121  10:09  Hydralisk x2  
  125  10:20  Hydralisk x4  
  133  10:33  Drone x2  
  135  10:36  Hydralisk x2  
  135  10:39  Hatchery  
  135  10:42  Zergling x12  
  141  10:51  Zergling x10  
  108  10:57  Hydralisk x3  
  108  11:00  Zergling x4  
  108  11:01  Zergling x4  
  94  11:06  Hydralisk x2  
  89  11:11  Hydralisk x2  
  89  11:15  Hydralisk x2  
  95  11:20  Infestation Pit  
  95  11:22  Hydralisk x2  
  95  11:24  Hydralisk  
  97  11:29  Hydralisk  
  97  11:32  Hydralisk x2  
  103  11:37  Hydralisk  
  103  11:39  Baneling  
  105  11:40  Baneling x6  
  103  11:58  Zergling x10  
  103  11:59  Zergling x10  
  107  12:05  Zergling x2  
  107  12:06  Queen  
  107  12:07  Queen  
  111  12:12  Overlord  
  111  12:13  Overlord x2  
  111  12:20  Baneling x6  
  110  12:26  Baneling x5  
  110  12:27  Baneling x4  
  110  12:33  Hydralisk x5  
  116  12:44  Hydralisk x2  
  116  12:45  Hydralisk x2  
  119  12:51  Hive  
  119  12:53  Drone  
  119  12:55  Drone x2  
  119  12:57  Drone  
  121  13:08  Zerg Missile Weapons Level 2  
  121  13:11  Baneling  
  121  13:14  Hydralisk x4  
  121  13:17  Zergling x2  
  130  13:23  Hydralisk  
  132  13:27  Hydralisk  
  132  13:31  Spore Crawler  
  133  13:36  Baneling  
  124  13:44  Baneling  
  93  13:54  Hydralisk x10  
  93  14:01  Hydralisk x2  
  93  14:02  Hydralisk  
  90  14:06  Viper  
  94  14:13  Viper x2  
  97  14:19  Zergling x6  
  97  14:23  Hydralisk  
  88  14:30  Hydralisk  
  89  14:33  Hydralisk  
  89  14:37  Hydralisk  
  90  14:45  Baneling x6  
  90  15:02  Hydralisk x2  
  94  15:08  Hatchery  
  94  15:10  Hydralisk  
  95  15:19  Hydralisk  
  97  15:25  Zergling x2  
  98  15:36  Overlord x3  
  98  15:57  Hydralisk  
  98  16:01  Baneling x2, Hatchery  
  99  16:05  Hydralisk  
  99  16:13  Zergling x4  
  99  16:14  Zergling x2  
  99  16:17  Hydralisk  
  104  16:21  Zergling x2  
  105  16:37  Zergling x16  
  113  16:42  Zergling x4  
  113  16:45  Zergling x4  
  117  16:52  Zergling x8  
  121  16:58  Baneling  
  121  16:59  Baneling x8  
  121  17:05  Unknown  
  114  17:13  Zergling x14  
  120  17:21  Baneling x3  
  93  17:45  Unknown x3  
Tags
 
Add a new tag
Caveats
  • Supply blocks, unpowered buildings, or Contaminate may cause inaccurate times.
  • Supply counts are checked every 10 seconds.